 Dungeon Crawl Stone Soup version 0.29-a0-982-gaed3a0c8d8 (webtiles) character file.

Game seed: 15994965472720549228

45889 freelancePsychic the Fighter (level 13, -7/116 HPs)
             Began as a Demigod Fire Elementalist on Aug 2, 2022.
             Mangled by a death yak (11 damage)
             ... on level 5 of the Lair of Beasts.
             The game lasted 00:32:59 (24522 turns).

freelancePsychic the Fighter (DgFE)                Turns: 24522, Time: 00:32:59

Health: -7/116     AC: 11    Str:  5    XL:     13   Next: 64%
Magic:  33/39      EV: 14    Int: 33    God:
Gold:   565        SH:  0    Dex: 18    Spells: 12/29 levels left

rFire   . . .      SeeInvis .   g - staff of poison
rCold   . . .      Faith    .   (no shield)
rNeg    . . .      Spirit   .   a - +0 robe
rPois   +          Reflect  .   z - +0 helmet
rElec   +          Harm     .   f - +0 cloak
rCorr   .          Rampage  .   A - +1 pair of gloves
Will    +....                   B - +0 pair of boots
Stlth   ++........              H - amulet of magic regeneration
HPRegen 0.29/turn               Q - +4 ring of protection
MPRegen 0.66/turn               T - ring "Mubakev" {Fly rElec MP+9 Str-4 Dex+4}

@: about to teleport, flying
A: high MP 1, forlorn, divine attributes
a: no special abilities


You were on level 5 of the Lair of Beasts.
You visited 2 branches of the dungeon, and saw 16 of its levels.
You also visited: Ossuary and Bailey.

You collected 1185 gold pieces.
You spent 620 gold pieces at shops.

Inventory:

Hand Weapons
 e - a +0 dagger
Missiles
 p - 7 throwing nets
Armour
 a - a +0 robe (worn)
 f - a +0 cloak (worn)
 z - a +0 helmet (worn)
 A - a +1 pair of gloves (worn)
 B - a +0 pair of boots (worn)
Magical Staves
 g - a staff of poison (weapon)
Jewellery
 i - an amulet of reflection
 E - a +4 ring of evasion
 H - an amulet of magic regeneration (around neck)
 L - a ring of magical power
 Q - a +4 ring of protection (left hand)
 S - a ring of willpower
 T - the ring "Mubakev" (right hand) {Fly rElec MP+9 Str-4 Dex+4}
   (You found it on level 5 of the Lair of Beasts)

   [ring of magical power]

   Str:       It affects your strength (-4).
   Dex:       It affects your dexterity (+4).
   rElec:     It insulates you from electricity.
   MP:        It affects your magic capacity (+9).
   Fly:       It grants you flight.
Wands
 o - a wand of flame (4)
 t - a wand of light (8)
 F - a wand of mindburst (4)
 J - a wand of polymorph (3)
 O - a wand of charming (12)
 R - a wand of iceblast (5)
Scrolls
 b - a scroll of brand weapon {unknown}
 h - a scroll of teleportation {@r4}
 j - 2 scrolls of amnesia
 k - a scroll of silence
 q - 2 scrolls of poison
 s - 6 scrolls of immolation
 y - a scroll of magic mapping
 C - 3 scrolls of vulnerability
 D - 4 scrolls of enchant weapon
 M - a scroll of fear
 N - 5 scrolls of identify {@r1}
 P - a scroll of acquirement {unknown}
Potions
 c - 7 potions of curing {@q1}
 d - 6 potions of haste {@q3}
 l - 7 potions of flight
 m - 5 potions of attraction
 n - 2 potions of berserk rage {unknown}
 r - 7 potions of magic
 u - 4 potions of might {unknown}
 v - 5 potions of heal wounds {unknown}
 w - a potion of lignification
 x - 4 potions of mutation {unknown}
 G - 2 potions of cancellation {unknown}
 I - a potion of invisibility {unknown}
 K - 2 potions of resistance {unknown}


   Skills:
 + Level 11.5 Fighting
 - Level 4.5 Dodging
 - Level 1.7 Stealth
 + Level 1.6 Shields
 + Level 8.5 Spellcasting
 + Level 8.8 Conjurations
 - Level 2.1 Translocations
 - Level 8.1 Fire Magic
 - Level 6.3 Ice Magic
 - Level 6.3 Air Magic
 - Level 8.2 Earth Magic


You had 12 spell levels left.
You knew the following spells:

 Your Spells              Type           Power      Damage    Failure   Level
a - Foxfire               Conj/Fire      100%       2x1d9     1%          1
b - Scorch                Fire           100%       2d10      1%          2
c - Flame Wave            Conj/Fire      63%        2d15      1%          4
d - Freezing Cloud        Conj/Ice/Air   28%        6-21      4%          5
e - Lee's Rapid Deconstr  Erth           31%        3d17*     3%          5

Your spell library contained the following spells:

 Spells                   Type           Power      Damage    Failure   Level
 Ensorcelled Hibernation  Hex/Ice        70%        N/A       1%          2
 Conjure Flame            Conj/Fire      63%        6-21      1%          3
 Inner Flame              Hex/Fire       41%        N/A       1%          3
 Mephitic Cloud           Conj/Pois/Air  63%        N/A       1%          3
 Airstrike                Air            27%        0-9+      2%          4
 Beastly Appendage        Tmut           28%        N/A       3%          1
 Ignite Poison            Fire/Tmut/Pois 48%        N/A       3%          3
 Wereblood                Tmut           14%        N/A       4%          2
 Lightning Bolt           Conj/Air       29%        1d46      4%          5
 Portal Projectile        Hex/Tloc       42%        N/A       6%          3
 Leda's Liquefaction      Hex/Erth       20%        N/A       6%          4
 Summon Lightning Spire   Summ/Air       35%        N/A       9%          4
 Confusing Touch          Hex            14%        N/A       10%         3
 Spider Form              Tmut/Pois      21%        N/A       10%         3
 Tukima's Dance           Hex            14%        N/A       10%         3
 Passage of Golubria      Tloc           28%        N/A       14%         4
 Anguish                  Hex/Necr       7%         N/A       32%         4
 Blade Hands              Tmut           7%         N/A       67%         5
 Yara's Violent Unravell  Hex/Tmut       7%         3d5       67%         5
 Statue Form              Tmut/Erth      27%        N/A       67%         6
 Enfeeble                 Hex            7%         N/A       100%        7


Dungeon Overview and Level Annotations

Branches:
Dungeon (11/15)            Temple (0/1) D:5            Lair (5/5) D:11
 Shoals (0/4) Lair:2       Spider (0/4) Lair:2          Orc (0/2) D:10
Ossuary (visited)          Bailey (visited)
  Slime: Lair:4-5

Shops:
D:1 !   D:3 *   D:4 !?[   D:11 ?(:

Annotations:
D:3 2 transporters
D:4 Pikel
D:7 1 exclusion
D:10 1 runed translucent door, dolemite99's ghost, novice DrHu


Innate Abilities, Weirdness & Mutations

You have an increased reservoir of magic. (+10% MP)
You shall have no god before yourself.
Your divine heritage dramatically boosts your attributes as you level up.


Message History

You kill the dream sheep!
You hear a bleat!
You hear a bellow!
The death yak completely misses you.
Casting: Scorch (safe; 1% risk of failure)
Confirm with . or Enter, or press ? or * to list all spells.
Aiming: Freezing Cloud (dangerous; 4% risk of failure)
Press: ? - help, Dir - move target
Okay, then.
Casting: Freezing Cloud (dangerous; 4% risk of failure)
Confirm with . or Enter, or press ? or * to list all spells.
Flames lash the death yak.
The death yak is lightly wounded.
The death yak's fire resistance burns away.
You hear a bellow!
You hear a bleat!
The death yak gores you.
You hear a bellow!
You hear a loud, deep croak!
Casting: Scorch (safe; 1% risk of failure)
Confirm with . or Enter, or press ? or * to list all spells.
Flames lash the death yak.
The death yak is burned terribly!
The death yak is lightly wounded.
You hear a bellow!
A nearby plant withers and dies.
You hear a bleat!
You hear a loud, deep croak! x2
Casting: Scorch (safe; 1% risk of failure)
Confirm with . or Enter, or press ? or * to list all spells.
Flames lash the death yak.
The death yak is burned terribly!
The death yak is moderately wounded.
You hear a bleat!
The death yak gores you!! The death yak barely misses you.
As you read the scroll of teleportation {@r4}, it crumbles to dust.
You feel strangely unstable. The death yak gores you!
* * * LOW HITPOINT WARNING * * *
The death yak gores you!!
* * * LOW HITPOINT WARNING * * *
Okay, then.
As you read the scroll of fear, it crumbles to dust.
You assume a fearsome visage.
The death yak easily resists.
The death yak resists with almost no effort.
The death yak gores you!
You die...

.# #.$ #.. ##..
...# ##.. ##..#
#.Y@###
#.Y##.##
##.....##
##..(#.###
#........##
#.PP......#
###PP.$Y..PP...
#..#P..#..PP...
####...Y.Y.....


You could see 2 death yaks.

Vanquished Creatures
  4 hydras
  A boulder beetle (Lair:2)
  A centaur warrior (D:9)
  6 death yaks
  A two-headed ogre (D:11)
  A cyclops (D:11)
  A manticore (D:9)
  14 elephants
  A torpor snail (Lair:5)
  4 black mambas
  An unseen horror (D:10)
  8 cane toads
  6 komodo dragons
  2 rime drakes (Lair:4)
  3 kobold demonologists
  A troll (D:11)
  A meliai (Lair:2)
  5 polar bears
  Grinder (D:5)
  18 blink frogs
  4 dream sheep
  A snapping turtle (Lair:2)
  A wraith (D:11)
  71 yaks
  2 wyverns
  5 basilisks
  A steam dragon (D:7)
  3 vampire mosquitoes (D:11)
  2 acid dragons
  4 wargs (Lair:5)
  12 water moccasins
  11 black bears
  5 hell hounds (Lair:5)
  2 orc warriors
  2 ice beasts
  2 sky beasts
  3 centaurs
  3 ogres
  9 wolves
  A phantom (D:5)
  4 kobold brigands
  4 lemures
  Blork the orc (D:4)
  A necrophage (D:3)
  2 gnoll sergeants
  6 bullfrogs
  A scorpion (D:4)
  3 wights
  10 killer bees
  5 electric eels
  5 hounds
  A jelly (D:5)
  3 gnoll boudas
  4 orc priests
  5 iguanas
  9 orc wizards
  A hell rat (D:11)
  9 mummies
  17 gnolls
  A river rat (D:11)
  5 adders
  A shadow imp (D:7)
  3 white imps
  2 ufetubi
  5 dart slugs
  51 orcs
  2 ball pythons
  6 endoplasms
  A giant cockroach (D:2)
  12 goblins
  2 hobgoblins
  8 jackals
  16 kobolds
  2 quokkas (D:11)
  2 bats (D:1)
  6 frilled lizards
  3 gnoll zombies (Ossuary)
  3 hobgoblin zombies (Ossuary)
  2 orc zombies (Ossuary)
  5 rats
  A butterfly (Lair:5)
454 creatures vanquished.

Vanquished Creatures (collateral kills)
  5 foxfires
5 creatures vanquished.

Vanquished Creatures (others)
  260 foxfires
  18 fungi
  36 plants
314 creatures vanquished.

Grand Total: 773 creatures vanquished

Notes
Turn   | Place    | Note
-------+----------+-------------------------------------------
     0 | D:1      | freelancePsychic the Demigod Fire Elementalist began the
                  | quest for the Orb.
     0 | D:1      | Reached XP level 1. HP: 14/14 MP: 5/5
     8 | D:1      | Found Dupuvo's Distillery.
    89 | D:1      | Reached skill level 1 in Conjurations
   301 | D:1      | Reached XP level 2. HP: 19/22 MP: 7/7
   852 | D:1      | Bought a potion of lignification for 36 gold pieces
   873 | D:1      | Learned a level 2 spell: Scorch
  1197 | D:2      | Reached skill level 1 in Fighting
  1197 | D:2      | Reached XP level 3. HP: 28/28 MP: 5/8
  2521 | D:3      | Found Foac's General Store.
  2530 | D:3      | Bought a scroll of poison for 52 gold pieces
  2830 | D:3      | Found a transporter.
  2841 | D:3      | Found a transporter.
  2888 | D:3      | Reached XP level 4. HP: 6/35 MP: 4/10
  3275 | D:3      | Noticed a kobold demonologist
  3335 | D:3      | Noticed a necrophage
  3346 | D:3      | Killed a necrophage
  3347 | D:3      | Reached XP level 5. HP: 31/41 MP: 2/11
  3879 | D:3      | Learned a level 4 spell: Flame Wave
  3917 | D:3      | Reached skill level 2 in Fighting
  4595 | D:4      | Noticed Pikel
  4630 | D:4      | Found Natoliurph's Distillery.
  4648 | D:4      | Bought a potion of brilliance for 56 gold pieces
  4665 | D:4      | Reached XP level 6. HP: 50/50 MP: 4/13
  4864 | D:4      | Noticed Blork the orc
  4875 | D:4      | Killed Blork the orc
  5156 | D:4      | Found Eskuxkyo's Magic Scroll Shoppe.
  5338 | D:4      | Identified the +11 falchion "Geor" {vorpal, +Blink rN++
                  | Int-4 Stlth+}
  5908 | D:4      | Found Runujyad's Antique Armour Boutique.
  5955 | D:5      | Entered Level 5 of the Dungeon
  5974 | D:5      | Reached skill level 3 in Fighting
  6092 | D:5      | Noticed Grinder
  6118 | D:4      | Reached skill level 5 in Fire Magic
  6118 | D:4      | Reached XP level 7. HP: 34/57 MP: 9/14
  6818 | D:5      | Reached skill level 4 in Fighting
  6930 | D:5      | Paralysed by Grinder for 3 turns
  6933 | D:5      | Killed Grinder
  7038 | D:5      | Found a staircase to the Ecumenical Temple.
  7079 | D:5      | Reached XP level 8. HP: 67/67 MP: 11/15
  7508 | D:6      | Reached skill level 5 in Conjurations
  7551 | D:6      | Reached skill level 5 in Fighting
  7651 | D:6      | Found a sand-covered staircase.
  7684 | Ossuary  | Entered an ossuary
  8791 | D:7      | Found a flagged portal.
  8822 | Bailey   | Entered a bailey
  9740 | D:7      | Reached skill level 6 in Fighting
  9740 | D:7      | Reached XP level 9. HP: 17/75 MP: 3/16
 10733 | D:7      | Noticed a kobold demonologist
 10735 | D:7      | Noticed a sixfirhy
 10971 | D:7      | Noticed a kobold demonologist
 10978 | D:6      | Killed a kobold demonologist
 10979 | D:6      | Reached skill level 7 in Fighting
 11095 | D:6      | Killed a kobold demonologist
 11471 | D:8      | Reached skill level 1 in Translocations
 11471 | D:8      | Reached skill level 1 in Earth Magic
 11513 | D:7      | HP: 1/79 [lava snake/glob of lava (12)]
 12100 | D:8      | Reached XP level 10. HP: 51/86 MP: 8/17
 13132 | D:9      | Noticed a centaur warrior
 13141 | D:9      | Killed a centaur warrior
 13142 | D:9      | Reached skill level 8 in Fighting
 13248 | D:9      | Learned a level 5 spell: Lee's Rapid Deconstruction
 13758 | D:9      | Noticed a manticore
 13764 | D:9      | Killed a manticore
 13765 | D:9      | Reached skill level 5 in Earth Magic
 13943 | D:10     | Entered Level 10 of the Dungeon
 14312 | D:10     | Found a staircase to the Orcish Mines.
 14741 | D:10     | Reached XP level 11. HP: 95/95 MP: 10/22
 14949 | D:10     | Reached skill level 5 in Spellcasting
 15185 | D:10     | Reached skill level 9 in Fighting
 15804 | D:10     | Noticed dolemite99's ghost (novice DrHu)
 15804 | D:10     | Noticed a +0 rapier of chaos
 15806 | D:10     | Found a runed translucent door.
 16137 | D:11     | Noticed a death yak
 16210 | D:11     | Found Tofyagaic's Magic Scroll Emporium.
 16213 | D:11     | Bought a scroll of teleportation for 48 gold pieces
 16213 | D:11     | Bought a scroll of poison for 64 gold pieces
 16252 | D:11     | Noticed a two-headed ogre
 16268 | D:11     | Killed a two-headed ogre
 16411 | D:11     | Noticed a five-headed hydra
 16419 | D:11     | Killed a five-headed hydra
 16529 | D:11     | Found Caderokh's Book Boutique.
 16537 | D:11     | Bought a Trismegistus Codex for 364 gold pieces
 16543 | D:11     | Learned a level 5 spell: Freezing Cloud
 16639 | D:11     | Noticed a death yak
 16654 | D:11     | Noticed a death yak
 16686 | D:10     | Killed a death yak
 16687 | D:10     | Reached skill level 1 in Ice Magic
 16687 | D:10     | Reached skill level 1 in Air Magic
 16923 | D:11     | Found a staircase to the Lair.
 16941 | D:11     | Found Loog's Antique Weapon Shoppe.
 17868 | Lair:1   | Entered Level 1 of the Lair of Beasts
 17889 | Lair:1   | Reached XP level 12. HP: 53/106 MP: 14/25
 19323 | Lair:2   | Reached skill level 10 in Fighting
 19494 | Lair:2   | Noticed a boulder beetle
 19505 | Lair:2   | Killed a boulder beetle
 19653 | Lair:2   | Reached skill level 5 in Ice Magic
 19653 | Lair:2   | Reached skill level 5 in Air Magic
 20021 | Lair:2   | Found a staircase to the Shoals.
 20325 | Lair:2   | Found a hole to the Spider Nest.
 21502 | Lair:3   | Noticed a seven-headed hydra
 21503 | Lair:3   | Noticed a seven-headed hydra
 21516 | Lair:3   | Killed a seven-headed hydra
 21516 | Lair:3   | Killed a seven-headed hydra
 22037 | Lair:3   | Reached XP level 13. HP: 114/114 MP: 17/28
 23110 | Lair:4   | Reached skill level 11 in Fighting
 23377 | Lair:4   | You fall into a shaft and drop 1 floor!
 23377 | Lair:5   | Entered Level 5 of the Lair of Beasts
 23465 | Lair:5   | Identified the ring "Mubakev" {Fly rElec MP+9 Str-4 Dex+4}
 24469 | Lair:5   | Reached skill level 1 in Shields
 24521 | Lair:5   | HP: 4/116 [death yak (23)]
 24522 | Lair:5   | Mangled by a death yak

Illustrated notes

Levels and vault maps discovered:
D:1:      lightli_arrival_boilingwater, layout_basic, serial_shops,
          nicolae_shop_competitors_out_of_business
D:2:      layout_basic, basic_altar, shapermc_ecumenical_altar_mp_vishouse,
          chequers_serial_rivers_large_a, chequers_big_river
D:3:      gammafunk_wand_slinger, layout_loops_corners, vehumet_altar_wand_db,
          serial_shops, nicolae_lakefront_shop
D:4:      layout_cave_pools, minitemple, serial_shops, nicolae_shop_crystal,
          shop, nicolae_stop_n_shop_2, minmay_misc_feat_secret_circle,
          uniq_blork_the_orc, uniq_pikel
D:5:      layout_rooms, temple_statues, kb_lookout_dungeons_type, uniq_grinder
D:6:      layout_loops_cross, general_overflow_altar, gup_ossuary_entry_pyramid
D:7:      layout_loops_corners, nicolae_uskayaw_suspiria,
          nemelex_spade_bored_becter, enter_bailey_3, serial_bayou,
          serial_bayou_ford_a, serial_bayou_pond_d, serial_bayou_pond_b,
          serial_bayou_pond_d
D:8:      layout_gridville
D:9:      layout_roguey, mainiacjoe_overflow_six_doors_small
D:10:     layout_stronghold, mainiacjoe_overflow_24_doors, hiddenorc1_lemuel,
          serial_column_ruins, column_ruins_courtyard_long,
          column_ruins_hut_pillars, column_ruins_columns_dead_end,
          column_ruins_columns_dead_end, column_ruins_open_tiny,
          column_ruins_open_small, column_ruins_columns_dead_end,
          column_ruins_columns_straight, column_ruins_open_tiny,
          ebering_ghost_xom
D:11:     layout_layer_cave, dpeg_lair_monsters, serial_shops,
          nicolae_shop_hallway_plus, shop_statue, nicolae_shop_behind_doors,
          okawaru_gym_becter
Lair:1:   layout_cave_pods, grunt_megastairs_1, infiniplex_staircase_pool
Lair:2:   layout_chaotic_city, minmay_shoals_entry_hut,
          hellmonk_spider_entry_not_the_bees, grunt_megastairs_4
Lair:3:   layout_roguey, serial_bayou_lagoon_b
Lair:4:   layout_small_grid, dpeg_slime_entry_enclosed
Lair:5:   wormcave, layout_hall_layers, hangedman_lair_caniforms_friends,
          dreamdust_mushroom_princess, lemuel_fruit_fields

Skill      XL: |  1  2  3  4  5  6  7  8  9 10 11 12 13 |
---------------+----------------------------------------+-----
Conjurations   | 1 2 3 4 6 7 8 |  8.8
Fire Magic     | 3 4 5 7 8 |  8.1
Spellcasting   | 2 3 4 6 7 8 |  8.5
Fighting       | 1 2 3 4 6 7 8 9 10 11 | 11.5
Translocations | 2 |  2.1
Earth Magic    | 2 6 8 |  8.2
Ice Magic      | 3 6 |  6.3
Air Magic      | 3 6 |  6.3
Dodging        | 2 4 |  4.5
Shields        | 1 |  1.6
Stealth        | |  1.7

Action                   |  1- 3 |  4- 6 |  7- 9 | 10-12 | 13-15 || total
-------------------------+-------+-------+-------+-------+-------++-------
Melee: Staff             |    18 |       |    15 |    16 |       ||    49
       Punch             |       |       |       |     1 |       ||     1
 Cast: Foxfire           |    60 |     7 |    79 |     8 |       ||   154
       Scorch            |    20 |    80 |   105 |   169 |    45 ||   419
       Flame Wave        |       |       |    14 |    50 |     6 ||    70
       Lee's Rapid Decon |       |       |       |    14 |       ||    14
       Freezing Cloud    |       |       |       |    25 |    25 ||    50
Evoke: Wand              |     1 |       |     7 |       |       ||     8
  Use: Scroll            |     3 |     7 |     9 |     4 |     5 ||    28
       Potion            |     3 |       |       |     2 |       ||     5
Armor: Robe              |     1 |     3 |    33 |    63 |    38 ||   138
       Skin              |    12 |       |       |       |       ||    12
Dodge: Dodged            |    21 |    40 |    93 |   187 |    59 ||   400
Block: Other             |     4 |    19 |    37 |    26 |       ||    86
       Reflection        |       |     1 |     1 |       |       ||     2

Table legend: (Time is in decaauts)
 A = Elapsed time spent in this place.
 B = Non-inter-level travel time spent in this place.
 C = Inter-level travel time spent in this place.
 D = Time resting spent in this place.
 E = Time spent auto-exploring this place.
 F = Levels seen in this place.
 G = Mean time per level.
                   A        B        C        D        E       F      G
               +--------+--------+--------+--------+--------+-----+--------+
         Total |  24606 |  23833 |    773 |   3792 |  17177 |  18 | 1367.0 |
       Dungeon |  17475 |  16795 |    680 |   2753 |  12042 |  11 | 1588.6 |
          Lair |   6358 |   6266 |     92 |    992 |   4605 |   5 | 1271.6 |
       Ossuary |    418 |    418 |      0 |     38 |    259 |   1 |  418.0 |
        Bailey |    353 |    353 |      0 |      9 |    271 |   1 |  353.0 |
               +--------+--------+--------+--------+--------+-----+--------+

Top non-repeatable levels by time:
     D:3: 2564 daAuts
     D:7: 2344 daAuts
    D:10: 2047 daAuts
     D:4: 1862 daAuts
    D:11: 1851 daAuts
  Lair:2: 1705 daAuts
  Lair:3: 1693 daAuts
     D:6: 1396 daAuts
  Lair:4: 1361 daAuts
     D:9: 1251 daAuts
     D:2: 1190 daAuts
  Lair:1: 1163 daAuts
     D:1: 1086 daAuts
     D:8: 1064 daAuts
     D:5: 816 daAuts
